 Dungeon Sprint DCSS version 0.18.1-50-g88ac8fd (webtiles) character file.

20300000 Ropoloid1 the Plane Walker (level 27, -153/249 HPs)
             Began as a Demonspawn Warper on Oct 29, 2016.
             Was the Champion of Makhleb.
             Annihilated by a fleshlord
             ... wielding a +9 great mace
              (251 damage)
             ... in the Dungeon (Sprint VIII: "Arena of Blood").
             The game lasted 00:08:58 (203 turns).

Ropoloid1 the Plane Walker (Demonspawn Warper)       Turns: 203, Time: 00:09:00

Health: -153/249   AC: 14    Str: 13    XL:     27
Magic:  0/54       EV: 36    Int: 17    God:    Makhleb [******]
Gold:   0          SH:  0    Dex: 22    Spells: 1 memorised, 79 levels left

rFire  + . .     SeeInvis +     k - +∞ Axe of Woe
rCold  + . .     Gourm    .     a - +0 leather armour
rNeg   . . .     Faith    .     (shield currently unavailable)
rPois  .         Spirit   +     (helmet unavailable)
rElec  .         Dismiss  .     (no cloak)
rCorr  .         Reflect  .     (no gloves)
SustAt .         Harm     .     (no boots)
MR     ++...     NoTele   +     (no amulet)
Stlth  ++++++++++               (no ring)
                                l - ring of protection from fire

@: lethally poisoned (-153 -> -198), very slightly contaminated, slowed, very
slow, very resistant to hostile enchantments, uncannily stealthy
A: antennae 3, iridescent scales 3, cold resistance 1, nightstalker 3, passive
freeze, magic shield, magic regeneration, magic link, freezing cloud immunity
a: Minor Destruction, Lesser Servant of Makhleb, Major Destruction, Greater
Servant of Makhleb, Renounce Religion


You were in the Dungeon.
You worshipped Makhleb.
Makhleb was exalted by your worship.
You were not hungry.

You visited 1 branch

Inventory:

Hand Weapons
 k - the +∞ Axe of Woe (weapon)
   (You found it in the Dungeon)
Missiles
 d - 5 tomahawks of dispersal (quivered)
Armour
 a - a +0 leather armour (worn)
Jewellery
 l - a ring of protection from fire (left hand)
 m - a +250 ring of slaying
Potions
 e - a potion of curing
 g - a potion of heal wounds
 h - a potion of haste
 i - 2 potions of magic
 j - a potion of berserk rage
Books
 b - a book of Spatial Translocations

   Spells                             Type                      Level
   a - Apportation                    Translocation                1
   b - Blink                          Translocation                2
   c - Shroud of Golubria             Charms/Translocation         2
   d - Portal Projectile              Translocation                3
   e - Teleport Other                 Translocation                3
   f - Passage of Golubria            Translocation                4
Comestibles
 f - a bread ration


   Skills:
 O Level 27 Fighting
 O Level 27 Axes
 O Level 27 Throwing
 O Level 27 Armour
 O Level 27 Dodging
 O Level 27 Stealth
 O Level 27 Unarmed Combat
 O Level 27 Spellcasting
 O Level 27 Translocations
 O Level 27 Invocations


You had 79 spell levels left.
You knew the following spells:

 Your Spells              Type           Power        Failure   Level  Hunger
a - Apportation           Tloc           #######...   0%          1    None


Dungeon Overview and Level Annotations

Branches:
Dungeon (1/1)

Altars:
Makhleb


Innate Abilities, Weirdness & Mutations

You have a pair of large antennae on your head (SInv).
You are completely covered in iridescent scales (AC +8).
Your flesh is cold resistant.
You are completely attuned to the shadows.
A frigid envelope surrounds you and freezes all who hurt you.
When hurt, damage is shared between your health and your magic reserves.
You regenerate magic rapidly.
When low on magic, you restore magic in place of health.
You are immune to freezing clouds.


Message History

Makhleb accepts your kill.
You feel better.
You slash the scourge!
You cleave the scourge in twain.
You kill the scourge!
Makhleb accepts your kill.
You feel better.
You hit the dread.
You hew the dread savagely.
You destroy the dread!
Makhleb accepts your kill.
You feel better.
You feel very sick.
You hear a shout! x2
The eight-headed meat hydra calls on the powers of darkness!
The eight-headed meat hydra convulses!
The fleshlord convulses!
The bag of meat convulses!
The fleshlord convulses!
Your body is wracked with pain!
The fleshlord casts a spell.
The fleshlord seems to speed up.
You hear a shout! x3
The fleshlord hits you with a +9 great mace!!!!!
Ouch! That really hurt!
You die...

#......)#.... .....##)%...#
#.......###... ......))).%#
...###.....{... .{###{))%.#
...._.......{.. {{{{))§§#
.#.....#.......#{#D..{..{).#
#_.<._#......p. .V....))).#
#.....#.....W#W#.#o....)..#
...._.....o....p†...%.%.)..#
...###.....o...#@#§#..#....#
#.. ...###....))§...#.))..#
#.. ..# .....).).))#....#
#.. ..# .....§††.)#..†..# ..
..{ .....)).).))....#
.#...#)).).)##..#
....#.))..##...#
....#..)).#.. .# #...)##....


You could see an eight-headed meat hydra, a destroyer, 2 fleshlords, 2 dreads
and a bag of meat.

Vanquished Creatures
  11 hell knights (D)
  Sigmund (D)
  4 hell beasts (D)
  3 greater mummies (D)
  7 great orbs of eyes (D)
  3 wraiths (D)
  Harold (D)
  17 vampire knights (D)
  29 ogres (D)
  6 liches (D)
  11 hydras (D)
  75 orcs (D)
  6 phantoms (D)
  7 hill giants (D)
  7 skeletal warriors (D)
  10 sea snakes (D)
  2 large abominations (D)
  5 small abominations (D)
  6 crawling corpses (D)
211 creatures vanquished.

Vanquished Creatures (others)
  An orc (D)
  2 crawling corpses (D)
3 creatures vanquished.

Grand Total: 214 creatures vanquished

Notes
Turn   | Place    | Note
--------------------------------------------------------------
     0 | D        | Ropoloid1 the Demonspawn Warper began the quest for the Orb.
     0 | D        | Reached XP level 1. HP: 16/16 MP: 3/3
     4 | D        | Became a worshipper of Makhleb the Destroyer
     5 | D        | Noticed a bag of meat
     6 | D        | Noticed a bag of meat
     6 | D        | Noticed a bag of meat
     8 | D        | Killed a bag of meat
     8 | D        | Reached skill level 10 in Fighting
     8 | D        | Gained mutation: You are partially covered in iridescent scales (AC +4). [demonic ancestry]
     8 | D        | Reached XP level 2. HP: 36/36 MP: 3/14
     8 | D        | Gained mutation: You are slightly more attuned to the shadows. [demonic ancestry]
     8 | D        | Reached XP level 3. HP: 42/42 MP: 3/15
     8 | D        | Gained mutation: You are significantly more attuned to the shadows. [demonic ancestry]
     8 | D        | Reached XP level 4. HP: 48/48 MP: 3/17
     8 | D        | Gained mutation: When hurt, damage is shared between your health and your magic reserves. [demonic ancestry]
     8 | D        | Reached XP level 5. HP: 54/54 MP: 3/18
     8 | D        | Reached XP level 6. HP: 61/61 MP: 3/20
     8 | D        | Gained mutation: You are completely attuned to the shadows. [demonic ancestry]
     8 | D        | Reached XP level 7. HP: 67/67 MP: 3/21
     8 | D        | Gained mutation: You are mostly covered in iridescent scales (AC +6). [demonic ancestry]
     8 | D        | Reached XP level 8. HP: 73/73 MP: 3/23
     8 | D        | Gained mutation: You have a pair of small antennae on your head. [demonic ancestry]
     8 | D        | Reached XP level 9. HP: 79/79 MP: 3/24
     8 | D        | Gained mutation: You have a pair of antennae on your head. [demonic ancestry]
     8 | D        | Reached XP level 10. HP: 86/86 MP: 3/25
     8 | D        | Reached XP level 11. HP: 92/92 MP: 3/26
     9 | D        | Noticed a bag of meat
    10 | D        | Noticed a meat berserker
    11 | D        | Noticed a bag of meat
    11 | D        | Killed a bag of meat
    11 | D        | Reached * piety under Makhleb
    11 | D        | Gained mutation: Your flesh is cold resistant. [demonic ancestry]
    11 | D        | Reached XP level 12. HP: 102/102 MP: 3/28
    11 | D        | Noticed a bag of meat
    12 | D        | Killed a meat berserker
    12 | D        | Reached skill level 5 in Throwing
    12 | D        | Reached skill level 5 in Armour
    12 | D        | Gained mutation: You have a pair of large antennae on your head (SInv). [demonic ancestry]
    12 | D        | Reached XP level 13. HP: 112/112 MP: 4/31
    12 | D        | Reached XP level 14. HP: 119/119 MP: 4/32
    12 | D        | Killed a bag of meat
    12 | D        | Reached ** piety under Makhleb
    12 | D        | Reached skill level 15 in Spellcasting
    13 | D        | Noticed a bag of meat
    13 | D        | Killed a bag of meat
    13 | D        | Reached skill level 15 in Fighting
    13 | D        | Reached XP level 15. HP: 129/129 MP: 3/35
    13 | D        | Reached *** piety under Makhleb
    13 | D        | Reached skill level 5 in Axes
    14 | D        | Reached skill level 15 in Dodging
    14 | D        | Reached skill level 15 in Unarmed Combat
    14 | D        | Reached skill level 27 in Translocations
    15 | D        | Reached XP level 16. HP: 141/141 MP: 3/38
    17 | D        | Noticed a large bag of meat
    19 | D        | Noticed a large bag of meat
    21 | D        | Noticed a meat berserker
    23 | D        | Noticed a meat berserker
    23 | D        | Killed a meat berserker
    23 | D        | Reached **** piety under Makhleb
    23 | D        | Reached skill level 1 in Stealth
    24 | D        | Noticed a meat berserker
    24 | D        | Noticed a destroyer
    24 | D        | Gained mutation: You regenerate magic rapidly. [demonic ancestry]
    24 | D        | Reached XP level 17. HP: 155/155 MP: 5/42
    24 | D        | Noticed a destroyer
    25 | D        | Killed a meat berserker
    25 | D        | Reached ***** piety under Makhleb
    25 | D        | Killed a large bag of meat
    26 | D        | Killed a meat berserker
    26 | D        | Reached skill level 10 in Throwing
    26 | D        | Reached XP level 18. HP: 124/171 MP: 1/46
    26 | D        | Killed a destroyer
    26 | D        | Reached skill level 15 in Axes
    26 | D        | Reached skill level 10 in Armour
    26 | D        | Reached skill level 5 in Stealth
    26 | D        | Reached XP level 19. HP: 183/183 MP: 1/49
    27 | D        | Noticed a destroyer
    27 | D        | Killed a destroyer
    27 | D        | Reached skill level 27 in Spellcasting
    27 | D        | Reached ****** piety under Makhleb
    27 | D        | Reached skill level 27 in Fighting
    28 | D        | Reached XP level 20. HP: 197/197 MP: 2/51
    29 | D        | Noticed a destroyer
    29 | D        | Reached skill level 27 in Dodging
    30 | D        | Noticed a meat berserker
    30 | D        | Killed a destroyer
    30 | D        | Reached skill level 27 in Axes
    30 | D        | Reached skill level 15 in Throwing
    30 | D        | Reached skill level 15 in Armour
    30 | D        | Reached skill level 27 in Unarmed Combat
    30 | D        | Reached XP level 21. HP: 204/204 MP: 2/52
    31 | D        | Noticed a destroyer
    31 | D        | Noticed a destroyer
    32 | D        | Reached skill level 15 in Stealth
    32 | D        | Killed a destroyer
    32 | D        | Gained mutation: You are immune to freezing clouds. [demonic ancestry]
    32 | D        | Reached XP level 22. HP: 207/212 MP: 2/53
    33 | D        | Killed a destroyer
    33 | D        | Reached skill level 27 in Throwing
    33 | D        | Reached skill level 27 in Armour
    34 | D        | Noticed a destroyer
    34 | D        | Noticed a destroyer
    34 | D        | Killed a destroyer
    34 | D        | Reached skill level 27 in Stealth
    34 | D        | Gained mutation: You are completely covered in iridescent scales (AC +8). [demonic ancestry]
    34 | D        | Reached XP level 23. HP: 219/219 MP: 3/54
    38 | D        | Killed a destroyer
    38 | D        | Reached skill level 27 in Invocations
    41 | D        | Reached XP level 24. HP: 227/227 MP: 6/54
    41 | D        | Killed a destroyer
    44 | D        | Noticed a tyrant
    45 | D        | Noticed a tyrant
    53 | D        | Noticed a destroyer
    53 | D        | Gained mutation: When low on magic, you restore magic in place of health. [demonic ancestry]
    53 | D        | Reached XP level 25. HP: 234/234 MP: 11/54
    54 | D        | Noticed The Captor
    56 | D        | Noticed a destroyer
    57 | D        | Gained mutation: A frigid envelope surrounds you and freezes all who hurt you. [demonic ancestry]
    57 | D        | Reached XP level 26. HP: 242/242 MP: 13/54
    58 | D        | Killed a destroyer
    59 | D        | Reached XP level 27. HP: 249/249 MP: 13/54
    60 | D        | Killed a destroyer
    61 | D        | Noticed an accursed
    61 | D        | Killed The Captor
    66 | D        | Noticed a destroyer
    68 | D        | Killed a destroyer
    70 | D        | Noticed a destroyer
    71 | D        | Killed an accursed
    72 | D        | Killed a tyrant
    72 | D        | Killed a tyrant
    74 | D        | Killed a destroyer
    79 | D        | Noticed a destroyer
    83 | D        | Killed a destroyer
    84 | D        | Noticed a meat beast
    85 | D        | Noticed The Servant
    86 | D        | Noticed a tyrant
    87 | D        | Killed a meat beast
    89 | D        | Noticed a tyrant
    89 | D        | Killed a tyrant
    89 | D        | Killed The Servant
    90 | D        | Noticed an accursed
    91 | D        | Noticed a tyrant
    93 | D        | Killed a tyrant
    95 | D        | Killed an accursed
    96 | D        | Noticed a destroyer
    97 | D        | Killed a tyrant
    99 | D        | Killed a destroyer
   100 | D        | Noticed a dread
   107 | D        | Killed a dread
   115 | D        | Noticed a tyrant
   118 | D        | Noticed a destroyer
   119 | D        | Noticed a fleshlord
   120 | D        | Killed a tyrant
   123 | D        | Killed a destroyer
   124 | D        | Killed a fleshlord
   129 | D        | Noticed a meat beast
   131 | D        | Killed a meat beast
   132 | D        | Noticed a fleshlord
   135 | D        | Killed a fleshlord
   136 | D        | Noticed a fleshlord
   138 | D        | Killed a fleshlord
   157 | D        | Noticed a fleshlord
   162 | D        | Killed a fleshlord
   164 | D        | Noticed a destroyer
   165 | D        | Noticed a fleshlord
   165 | D        | Noticed a dread
   167 | D        | Killed a destroyer
   168 | D        | Killed a fleshlord
   173 | D        | Killed a dread
   174 | D        | Noticed a destroyer
   176 | D        | Killed a destroyer
   182 | D        | Noticed a fleshlord
   183 | D        | Noticed a meat beast
   183 | D        | Killed a meat beast
   184 | D        | Killed a fleshlord
   189 | D        | Noticed a fleshlord
   189 | D        | Noticed an accursed
   189 | D        | Noticed a fleshlord
   192 | D        | Noticed a dread
   193 | D        | Noticed a meat beast
   193 | D        | Killed a fleshlord
   193 | D        | Killed an accursed
   194 | D        | Killed a fleshlord
   194 | D        | Noticed a fleshlord
   195 | D        | Killed a fleshlord
   195 | D        | Killed a meat beast
   196 | D        | Noticed a fleshlord
   196 | D        | HP: 9/249 [??? (6)]
   198 | D        | Noticed a fleshlord
   198 | D        | Noticed a fleshlord
   199 | D        | Killed a fleshlord
   201 | D        | Noticed a fleshlord
   201 | D        | Noticed a dread
   201 | D        | Killed a fleshlord
   202 | D        | Noticed a fleshlord
   203 | D        | Noticed a dread
   203 | D        | Noticed a destroyer
   203 | D        | Killed a dread
   203 | D        | Annihilated by a fleshlord

Skill      XL: |  1  2  3  4  5  6  7  8  9 10 11 12 13 14 15 16 17 18 19 20 21 22 23 |
---------------+----------------------------------------------------------------------+-----
Fighting       | 10 11 13 15 17 19 23 25 27 | 27.0
Axes           | 2 4 6 9 13 15 20 27 | 27.0
Throwing       | 3 4 5 6 7 8 10 11 13 15 24 27 | 27.0
Armour         | 3 4 5 6 7 9 10 12 15 24 27 | 27.0
Dodging        | 9 11 12 14 16 18 21 22 26 27 | 27.0
Unarmed Combat | 9 11 12 14 16 18 20 22 24 27 | 27.0
Spellcasting   | 11 12 14 16 18 21 24 26 27 | 27.0
Translocations | 17 20 23 25 27 | 27.0
Stealth        | 2 4 5 7 11 18 27 | 27.0
Invocations    | 27 | 27.0

Action                   |  1- 3 |  4- 6 |  7- 9 | 10-12 | 13-15 | 16-18 | 19-21 | 22-24 | 25-27 || total
-------------------------+-------+-------+-------+-------+-------+-------+-------+-------+-------++-------
Melee: Executioner's axe |     1 |       |       |     2 |     3 |     4 |     6 |    12 |    88 ||   116
  Use: Scroll            |       |       |       |       |       |       |       |       |     2 ||     2
 Stab: Held in net/web   |       |       |       |       |       |       |       |       |     1 ||     1
Armor: Leather armour    |       |       |       |       |       |       |       |       |    18 ||    18
Dodge: Dodged            |       |       |       |     1 |     1 |       |       |     1 |    49 ||    52
